 Dungeon Crawl Stone Soup version 0.18.1-48-g4cf74bf (webtiles) character file.

919 WarriorsX the Ruffian (level 7, -10/71 HPs)
             Began as a Troll Berserker on July 31, 2016.
             Was a Priest of Trog.
             Mangled by an ogre
             ... wielding a +0 giant club
              (16 damage)
             ... while paralysed
             ... on level 5 of the Dungeon.
             The game lasted 00:08:03 (2986 turns).

WarriorsX the Ruffian (Troll Berserker)             Turns: 2986, Time: 00:08:03

Health: -10/71     AC:  5    Str: 28    XL:     7   Next: 83%
Magic:  6/6        EV:  1    Int:  7    God:    Trog [***...]
Gold:   206        SH:  0    Dex:  9    Spells: 0 memorised, 6 levels left

rFire  . . .     SeeInvis .       - Unarmed
rCold  . . .     Gourm    +     a - +0 animal skin
rNeg   . . .     Faith    .     (no shield)
rPois  .         Spirit   .     (helmet restricted)
rElec  .         Dismiss  .     (no cloak)
rCorr  .         Reflect  .     (gloves unavailable)
SustAt .         Harm     .     (boots unavailable)
MR     +....                    t - amulet of magic regeneration (curse)
Stlth  +.........               x - ring of protection from magic
                                q - +4 ring of intelligence

@: paralysed, fainting, somewhat resistant to hostile enchantments, very
unstealthy
A: unfitting armour, claws 3, fast metabolism 3, gourmand, regeneration 2,
shaggy fur 1, tough skin 2
a: Berserk, Trog's Hand, Burn Spellbooks, Renounce Religion


You were on level 5 of the Dungeon.
You worshipped Trog.
Trog was most pleased with you.
You were fainting.

You visited 1 branch of the dungeon, and saw 5 of its levels.

You collected 206 gold pieces.

Inventory:

Armour
 a - a +0 animal skin (worn)
 y - a +0 pair of gloves
Jewellery
 q - a +4 ring of intelligence (left claw)
 t - a cursed amulet of magic regeneration (around neck)
 x - a ring of protection from magic (right claw)
Wands
 r - a wand of flame (20/48)
Scrolls
 c - a scroll of fear {unknown}
 d - 4 scrolls of remove curse {unknown}
 e - 2 scrolls of immolation {unknown}
 g - a scroll of magic mapping {unknown}
 i - a scroll of recharging {unknown}
 l - 5 scrolls of identify {unknown}
 p - a scroll of enchant armour {unknown}
 s - a scroll of amnesia {unknown}
 w - a scroll of random uselessness {unknown}
 z - a scroll of teleportation {unknown}
 A - a scroll of blinking {unknown}
Potions
 f - 4 potions of curing {unknown}
 h - a potion of heal wounds {unknown}
 j - a potion of ambrosia {unknown}
 m - a potion of agility {unknown}
 n - a potion of degeneration {unknown}
 o - a potion of cure mutation {unknown}
 u - 2 potions of haste {unknown}
 v - a potion of magic {unknown}
 B - a potion of flight {unknown}
Comestibles
 b - 8 bread rations
 k - a beef jerky


   Skills:
 + Level 4.5 Fighting
 + Level 4.8 Dodging
 + Level 1.4 Stealth
 + Level 6.0 Unarmed Combat


You had 6 spell levels left.
You didn't know any spells.

Dungeon Overview and Level Annotations

Branches:
Dungeon (5/15)
 Temple: D:4-7

Altars:
Fedhas
Okawaru
Ru
Yredelemnul
Zin


Innate Abilities, Weirdness & Mutations

You are too large for most types of armour.
You have claws for hands.
Your metabolism is lightning-fast.
You like to eat raw meat.
You heal very quickly.
You are covered in fur (AC +1).
You have very tough skin (AC +2).


Message History

The ogre is moderately wounded.
The ogre misses you.
You scratch the ogre.
The ogre is moderately wounded.
You barely miss the ogre.
The ogre is moderately wounded.
The ogre barely misses you.
You claw the ogre!
The ogre is severely wounded.
You lose consciousness!
The ogre hits you with a giant club! The ogre hits you with a giant club.
The ogre hits you with a giant club!!
* * * LOW HITPOINT WARNING * * *
A worker ant comes into view.
The ogre hits you with a giant club!
* * * LOW HITPOINT WARNING * * *
The worker ant twitches its antennae in your direction.
The ogre hits you with a giant club!
You die...

#.#.# #.# #.# #.# #.#
#.# #.# ## #.# #. #.# #.
..##############.######.
.a....O@................
..########..####.#######
#..# #.# ...... ..#
###..###### ...# ##.##
#.#


You could see an ogre and a worker ant.

Vanquished Creatures
  Sigmund (D:5)
  Menkaure (D:5)
  A sky beast (D:5)
  A phantom (D:4)
  Blork the orc (D:4)
  A crimson imp (D:5)
  A hound (D:4)
  Ijyb (D:3)
  2 iguanas (D:4)
  A worker ant (D:5)
  A hound zombie (D:5)
  A hound skeleton (D:5)
  Robin (D:3)
  4 gnolls (D:4)
  7 adders
  An ooze (D:4)
  3 worms
  3 dart slugs
  2 giant geckos (D:2)
  9 orcs
  7 bats
  A giant cockroach (D:1)
  18 goblins
  9 hobgoblins
  7 kobolds
  5 giant newts
  A jackal zombie (D:5)
  5 rats
96 creatures vanquished.

Vanquished Creatures (others)
  A goblin (D:3)
1 creature vanquished.

Grand Total: 97 creatures vanquished

Notes
Turn   | Place    | Note
--------------------------------------------------------------
     0 | D:1      | WarriorsX the Troll Berserker began the quest for the Orb.
     0 | D:1      | Reached XP level 1. HP: 22/22 MP: 0/0
   256 | D:1      | Reached XP level 2. HP: 29/29 MP: 1/1
   790 | D:2      | Reached XP level 3. HP: 33/36 MP: 2/2
   838 | D:2      | Reached ** piety under Trog
   957 | D:2      | Found a glowing silver altar of Zin.
   957 | D:2      | Noticed an angel
  1355 | D:3      | Reached XP level 4. HP: 45/45 MP: 3/3
  1358 | D:3      | Noticed Ijyb
  1358 | D:3      | Reached skill level 4 in Unarmed Combat
  1365 | D:3      | Killed Ijyb
  1606 | D:3      | Noticed Robin
  1631 | D:3      | Reached XP level 5. HP: 41/53 MP: 4/4
  1640 | D:3      | Reached *** piety under Trog
  1656 | D:3      | Killed Robin
  1744 | D:3      | Found a sacrificial altar of Ru.
  1924 | D:3      | You fall through a shaft!
  1930 | D:4      | Noticed Blork the orc
  1944 | D:4      | Killed Blork the orc
  1944 | D:4      | Reached skill level 1 in Stealth
  1950 | D:4      | Reached XP level 6. HP: 19/61 MP: 5/5
  2615 | D:4      | Found an iron altar of Okawaru.
  2649 | D:5      | Entered Level 5 of the Dungeon
  2732 | D:5      | Reached XP level 7. HP: 70/70 MP: 6/6
  2733 | D:5      | Found a blossoming altar of Fedhas.
  2786 | D:5      | Found a basalt altar of Yredelemnul.
  2787 | D:5      | Noticed Menkaure
  2794 | D:5      | Reached skill level 5 in Unarmed Combat
  2803 | D:5      | Killed Menkaure
  2923 | D:5      | Noticed Sigmund
  2933 | D:5      | Killed Sigmund
  2933 | D:5      | Reached skill level 6 in Unarmed Combat
  2981 | D:5      | Paralysed by fainting for 8 turns
  2986 | D:5      | Mangled by an ogre

Skill      XL: |  1  2  3  4  5  6  7 |
---------------+----------------------+-----
Fighting       | 3 4 |  4.5
Unarmed Combat | 4 6 |  6.0
Dodging        | 3 4 |  4.8
Stealth        | 1 |  1.4

Action                   |  1- 3 |  4- 6 |  7- 9 || total
-------------------------+-------+-------+-------++-------
Melee: Unarmed           |   103 |   158 |    37 ||   298
       Punch             |     1 |     2 |       ||     3
Invok: Berserk           |       |     1 |       ||     1
 Stab: Sleeping          |     1 |     1 |     1 ||     3
       Paralysed         |       |     1 |       ||     1
  Eat: Chunk             |    16 |     7 |       ||    23
Armor: Animal skin       |    42 |    40 |     8 ||    90
Dodge: Dodged            |    53 |    70 |    10 ||   133
